 Dungeon Crawl Stone Soup version 0.31-a0-799-g6bc09d010c (webtiles) character file.

Game seed: 14450115374481662897

6094 Joey1 the Fighter (level 10, -2/102 HPs)
             Began as a Minotaur Fighter on Sept 19, 2023.
             Was a High Priest of Okawaru.
             Slain by a komodo dragon (28 damage)
             ... on level 10 of the Dungeon.
             The game lasted 00:14:46 (6923 turns).

Joey1 the Fighter (Minotaur Fighter)                Turns: 6923, Time: 00:14:47

Health: -2/102     AC: 11    Str: 21    XL:     10   Next: 58%
Magic:  11/12      EV: 14    Int:  5    God:    Okawaru [*****.]
Gold:   530        SH:  7    Dex: 18    Spells: 9/9 levels left

rFire   . . .        s - +10 dagger "Zahom" {heavy, rPois rF+}
rCold   + . .        c - +0 buckler
rNeg    . . .        G - +0 scale mail "Egeesag" {rF- Dex+4 Slay+2}
rPois   +            (helmet restricted)
rElec   .            A - +0 cloak
rCorr   .            o - +0 pair of gloves
SInv    .            (no boots)
Will    .....        F - amulet of regeneration
Stlth   ++           i - ring of protection from cold
HPRegen 1.17/turn    H - ring of poison resistance
MPRegen 0.13/turn

%: no passive effects
@: heroic
A: horns 2, retaliatory headbutt
a: Renounce Religion, Heroism, Finesse, Duel


You were on level 10 of the Dungeon.
You worshipped Okawaru.
Okawaru was extremely pleased with you.
You visited 3 branches of the dungeon, and saw 12 of its levels.

You collected 530 gold pieces.

Inventory:

Hand Weapons
 a - a +0 long sword
 s - the +10 dagger "Zahom" (weapon) {heavy, rPois rF+}
   (You found it on level 3 of the Dungeon)

   rF+:       It protects you from fire.
   rPois:     It protects you from poison
Missiles
 q - 4 boomerangs
 O - 2 javelins
Armour
 b - a +0 scale mail
 c - a +0 buckler (worn)
 n - a +0 plate armour
 o - a +0 pair of gloves (worn)
 A - a +0 cloak (worn)
 G - the +0 scale mail "Egeesag" (worn) {rF- Dex+4 Slay+2}
   (You found it on level 6 of the Dungeon)

   Dex+4:     It affects your dexterity (+4).
   Slay+2:    It affects your accuracy & damage with ranged weapons and melee
   (+2).
   rF-:       It makes you vulnerable to fire.
Jewellery
 i - a ring of protection from cold (left hand)
 k - a ring of ice
 u - a ring of protection from cold
 F - an amulet of regeneration (around neck)
 H - a ring of poison resistance (right hand)
 N - a ring of ice
Wands
 x - a wand of acid (9)
 E - a wand of paralysis (19)
 I - a wand of digging (3)
 K - a wand of polymorph (7)
 M - a wand of flame (10)
 P - a wand of mindburst (11)
Scrolls
 e - 3 scrolls of teleportation {unknown}
 g - 5 scrolls of fear {unknown}
 j - a scroll of brand weapon {unknown}
 l - 2 scrolls of fog {unknown}
 p - 2 scrolls of blinking {unknown}
 t - 2 scrolls of identify {unknown}
 w - a scroll of poison {unknown}
 y - a scroll of revelation {unknown}
 C - a scroll of torment {unknown}
 D - a scroll of vulnerability {unknown}
Potions
 d - 2 potions of might
 f - 3 potions of magic {unknown}
 h - a potion of heal wounds {unknown}
 m - 2 potions of degeneration {unknown}
 r - 4 potions of curing {unknown}
 v - 2 potions of haste {unknown}
 z - a potion of lignification {unknown}
 B - 3 potions of brilliance {unknown}
 J - a potion of cancellation {unknown}
 L - a potion of attraction {unknown}


   Skills:
 + Level 13.9(18.9) Fighting
 - Level 9.7(15.0) Short Blades
 - Level 3.5(12.6) Long Blades
 - Level 3.6(8.6) Armour
 - Level 3.0(8.0) Dodging
 - Level 5.0(10.0) Shields
 - Level 5.0 Invocations


You had 9 spell levels left.
You didn't know any spells.
Your spell library contained the following spells:

 Spells                   Type           Power      Damage    Failure   Level
 Wereblood                Tmut           0%         N/A       92%         2
 Inner Flame              Hex/Fire       0%         N/A       99%         3
 Flame Wave               Conj/Fire      0%         2d4       100%        4
 Sticky Flame             Conj/Fire      0%         2d3       100%        4
 Irradiate                Conj/Tmut      0%         3d11      100%        5


Dungeon Overview and Level Annotations

Branches:
Dungeon (10/15)            Temple (1/1) D:5            Lair (1/5) D:10
    Orc (0/2) D:10

Altars:
Ashenzari
Cheibriados
Dithmenos
Elyvilon
Fedhas
Gozag
Hepliaklqana
Kikubaaqudgha
Makhleb
Nemelex Xobeh
Okawaru
Qazlal
Ru
Sif Muna
Trog
Uskayaw
Vehumet
Wu Jian
Xom
Yredelemnul
Zin
The Shining One

Shops:
D:9 *


Innate Abilities, Weirdness & Mutations

You have a pair of horns on your head.
You reflexively headbutt those who attack you in melee.


Message History

You hit the torpor snail. You headbutt the torpor snail!
The torpor snail is moderately wounded.
The komodo dragon barely misses you. You block the yak's attack.
The torpor snail bites you!
You impale the torpor snail!!
The torpor snail is heavily wounded.
The komodo dragon closely misses you. You block the yak's attack.
The torpor snail bites you.
You puncture the torpor snail! You headbutt the torpor snail.
The torpor snail is severely wounded.
The komodo dragon bites you! The yak barely misses you.
The komodo dragon bites you!
You puncture the torpor snail!
The torpor snail is almost dead.
The yak gores you.
* * * LOW HITPOINT WARNING * * *
You block the torpor snail's attack. You block the komodo dragon's attack.
You completely miss the torpor snail.
The torpor snail is almost dead.
The yak barely misses you. You furiously retaliate!
You headbutt the yak, but do no damage. The torpor snail barely misses you.
You furiously retaliate!
You headbutt the torpor snail. The komodo dragon barely misses you.
You furiously retaliate!
You headbutt the komodo dragon! You block the yak's attack.
You hit the torpor snail.
You kill the torpor snail!
Okawaru accepts your kill.
You feel yourself speed up.
The komodo dragon bites you but does no damage.
The yak gores you!
* * * LOW HITPOINT WARNING * * *
Okay, then.
You closely miss the komodo dragon.
The komodo dragon is moderately wounded.
You block the komodo dragon's attack. The yak barely misses you.
You furiously retaliate!
You headbutt the yak! You hit the komodo dragon.
The komodo dragon is heavily wounded.
The komodo dragon bites you!!
You die...

#.#...#..#[# #.# #.#.###.##.
#.#...#..#.# #.########.#.###....
#.#<#....#.# #...†...##.#........
#.###....#.# ###.###....####.##..
......##.#####.....#########.##..
..........##.........##.......'..
#.######..#.....).....######.##..
#.# #.#..P....l..P....# #.##..
#.# #........@........# #.###'
#.# ###...P...Y..P..#.# #.# #.
#.#########...........#..# #.# #.
#.........##.........##.####.####
##############.....####..........
.......# #.##..######.#.#######
######.#####.............>#
#.#....############..# #.#.##.#
#..######


You could see a komodo dragon and a yak.

Vanquished Creatures
  Fannar (D:10)
  A torpor snail (D:10)
  Psyche (D:8)
  A troll (D:10)
  2 hornets (D:9)
  4 yaks (D:10)
  A wyvern (D:10)
  2 steam dragons
  An acid dragon (D:8)
  3 wargs (D:10)
  3 black bears
  An ogre (D:6)
  2 ice beasts (D:8)
  3 centaurs
  A phantom (D:7)
  A bullfrog (D:9)
  A gnoll sergeant (D:10)
  3 scorpions
  3 wights (D:8)
  11 killer bees (D:10)
  2 jellies
  3 howler monkeys
  4 hounds
  4 orc priests
  Jessica (D:3)
  3 iguanas
  3 sleepcaps
  7 orc wizards
  4 gnolls (D:10)
  10 adders
  2 shadow imps
  An ufetubus (D:3)
  21 orcs
  8 ball pythons
  7 endoplasms
  2 giant cockroaches
  4 goblins
  7 hobgoblins
  2 quokkas
  5 bats
  6 frilled lizards
  10 kobolds
  3 rats
165 creatures vanquished.

Vanquished Creatures (others)
  A steam dragon (D:8)
  An orc (D:8)
2 creatures vanquished.

Grand Total: 167 creatures vanquished

Notes
Turn   | Place    | Note
-------+----------+-------------------------------------------
     0 | D:1      | Joey1 the Minotaur Fighter began the quest for the Orb.
     0 | D:1      | Reached XP level 1. HP: 19/19 MP: 0/0
   232 | D:1      | Reached XP level 2. HP: 25/27 MP: 1/1
   361 | D:1      | Reached skill level 1 in Dodging
   668 | D:2      | Reached skill level 4 in Fighting
   677 | D:2      | Reached XP level 3. HP: 9/33 MP: 2/2
  1369 | D:3      | Found a faded altar of an unknown god.
  1442 | D:3      | Reached XP level 4. HP: 33/41 MP: 3/3
  1598 | D:3      | Identified the +10 dagger "Zahom" {heavy, rPois rF+}
  1627 | D:3      | Noticed Jessica
  1631 | D:3      | Killed Jessica
  1843 | D:4      | Reached XP level 5. HP: 47/47 MP: 4/4
  1880 | D:4      | Noticed a centaur
  1886 | D:4      | Killed a centaur
  1887 | D:4      | Reached skill level 5 in Fighting
  1887 | D:4      | Reached skill level 1 in Short Blades
  1910 | D:4      | Reached skill level 5 in Shields
  2033 | D:4      | Reached XP level 6. HP: 56/56 MP: 5/5
  2576 | D:5      | Entered Level 5 of the Dungeon
  2743 | D:5      | Found a staircase to the Ecumenical Temple.
  2771 | Temple   | Entered the Ecumenical Temple
  2783 | Temple   | Became a worshipper of Warmaster Okawaru
  2906 | D:5      | Reached skill level 5 in Short Blades
  2906 | D:5      | Reached XP level 7. HP: 61/61 MP: 6/6
  3414 | D:6      | Reached * piety under Okawaru
  3810 | D:6      | Reached XP level 8. HP: 54/68 MP: 7/7
  3898 | D:6      | Identified the +0 scale mail "Egeesag" {rF- Dex+4 Slay+2}
  4480 | D:7      | You fall into a shaft and drop 1 floor!
  4554 | D:8      | Noticed Psyche
  4558 | D:8      | Paralysed by Psyche for 4 turns
  4575 | D:8      | Killed Psyche
  4575 | D:8      | Reached ** piety under Okawaru
  4752 | D:8      | Reached skill level 5 in Invocations
  4752 | D:8      | Reached XP level 9. HP: 74/74 MP: 11/11
  5055 | D:8      | Found a shadowy altar of Dithmenos.
  5060 | D:8      | Reached skill level 6 in Fighting
  5195 | D:9      | Reached skill level 7 in Fighting
  5258 | D:9      | Reached *** piety under Okawaru
  5303 | D:9      | Reached skill level 8 in Fighting
  5431 | D:9      | Found Kecheoh's Assorted Antiques.
  5586 | D:9      | Reached skill level 9 in Fighting
  5985 | D:10     | Entered Level 10 of the Dungeon
  6007 | D:10     | Reached **** piety under Okawaru
  6012 | D:10     | Reached skill level 10 in Fighting
  6139 | D:10     | Noticed Fannar
  6158 | D:10     | Killed Fannar
  6158 | D:10     | Received a gift from Okawaru
  6159 | D:10     | Reached skill level 11 in Fighting
  6159 | D:10     | Reached XP level 10. HP: 68/96 MP: 12/12
  6301 | D:10     | Found a staircase to the Orcish Mines.
  6310 | D:10     | Reached skill level 12 in Fighting
  6390 | D:10     | Found a staircase to the Lair.
  6410 | D:10     | Reached ***** piety under Okawaru
  6411 | D:10     | Reached skill level 13 in Fighting
  6828 | Lair:1   | Entered Level 1 of the Lair of Beasts
  6828 | Lair:1   | Noticed a torpor snail
  6921 | D:10     | Killed a torpor snail
  6923 | D:10     | Slain by a komodo dragon

Illustrated notes

Levels and vault maps discovered:
D:1:      wander_arrival_desolate, layout_basic, fountainhead
D:2:      layout_basic
D:3:      layout_basic, ebering_ecumenical_altar_sacrificial,
          kennysheep_generic_room_3, uniq_jessica
D:4:      layout_loops_cross
D:5:      layout_basic, minmay_temple_entry_grid
D:6:      layout_basic, amcnicky_mini_pool_small, chequers_serial_rivers_room_b
D:7:      layout_loops_ring, hangedman_decor_points,
          minmay_misc_feat_more_columns, uniq_pikel, uniq_prince_ribbit1
D:8:      layout_loops_cross, kennysheep_little_box, minmay_misc_feat_diagonals,
          david_defended_altar_orc, uniq_psyche
D:9:      layout_layer_cave, serial_shops, nicolae_take_the_stairs,
          nicolae_kite_square_tiling_tiny
D:10:     layout_basic, david_lair_generic, minmay_orc_entry_guard_dogs,
          uniq_fannar
Temple:   compressed_dpeg_circular_temple
Lair:1:   kb_forest_paths, layout_chaotic_city, beast_lair_carwin_9

Skill      XL: |  1  2  3  4  5  6  7  8  9 10 |
---------------+-------------------------------+-----
Dodging        | 1 2 3 |  3.0
Fighting       | 4 5 11 13 | 13.9
Long Blades    | 3 |  3.5
Shields        | 4 5 |  5.0
Short Blades   | 2 5 8 9 |  9.7
Invocations    | 5 |  5.0
Armour         | |  3.6

Action                     |  1- 3 |  4- 6 |  7- 9 | 10-12 || total
---------------------------+-------+-------+-------+-------++-------
  Melee: Long sword        |   118 |     7 |       |       ||   125
         Headbutt          |    14 |    10 |    38 |    16 ||    78
         Dagger            |       |    70 |   183 |    79 ||   332
 Invoke: Heroism           |       |       |       |     2 ||     2
   Stab: Distracted        |     1 |       |       |       ||     1
 Armour: Scale mail        |    45 |       |    91 |    62 ||   198
         Plate armour      |    45 |    70 |    39 |       ||   154
  Dodge: Dodged            |    44 |    34 |    64 |    40 ||   182
  Block: Buckler           |    33 |    22 |    40 |    23 ||   118

Table legend: (Time is in decaauts)
 A = Elapsed time spent in this place.
 B = Non-inter-level travel time spent in this place.
 C = Inter-level travel time spent in this place.
 D = Time resting spent in this place.
 E = Time spent auto-exploring this place.
 F = Levels seen in this place.
 G = Mean time per level.
                   A        B        C        D        E       F      G
               +--------+--------+--------+--------+--------+-----+--------+
         Total |   6942 |   6561 |    381 |    105 |   5425 |  12 |  578.5 |
       Dungeon |   6909 |   6550 |    359 |    105 |   5425 |  10 |  690.9 |
        Temple |     24 |      2 |     22 |      0 |      0 |   1 |   24.0 |
          Lair |      8 |      8 |      0 |      0 |      0 |   1 |    8.0 |
               +--------+--------+--------+--------+--------+-----+--------+

Top non-repeatable levels by time:
     D:6: 970 daAuts
    D:10: 910 daAuts
     D:9: 795 daAuts
     D:2: 793 daAuts
     D:5: 776 daAuts
     D:4: 747 daAuts
     D:8: 695 daAuts
     D:1: 601 daAuts
     D:3: 481 daAuts
     D:7: 137 daAuts
  Temple: 24 daAuts
  Lair:1: 8 daAuts
